 Dungeon Crawl Stone Soup version 0.27.1-3-gb3d3a73c9e (webtiles) character file.

Game seed: 8232063406552379806

75 horus123 the Slasher (level 4, 0/34 HPs)
             Began as a Human Gladiator on Oct 12, 2021.
             Slain by Natasha (5 damage)
             ... on level 2 of the Dungeon.
             The game lasted 00:03:16 (1197 turns).

horus123 the Slasher (Human Gladiator)              Turns: 1197, Time: 00:03:16

Health: 0/34       AC:  4    Str: 14    XL:     4   Next: 55%
Magic:  1/5        EV: 12    Int: 10    God:
Gold:   52         SH:  0    Dex: 14    Spells: 3/5 levels left

rFire    . . .     SeeInvis .   a - +0 long sword
rCold    . . .     Faith    .   (no shield)
rNeg     . . .     Spirit   .   b - +0 leather armour
rPois    .         Reflect  .   c - +0 helmet
rElec    .         Harm     .   (no cloak)
rCorr    .         Rampage  .   (no gloves)
Will     .....                  (no boots)
Stlth    +.........             (no amulet)
HPRegen  0.11/turn              (no ring)
MPRegen  0.09/turn              (no ring)

@: very slightly contaminated
A: no striking features
a: no special abilities


You were on level 2 of the Dungeon.
You visited 1 branch of the dungeon, and saw 2 of its levels.

You collected 52 gold pieces.

Inventory:

Hand Weapons
 a - a +0 long sword (weapon)
Missiles
 d - 5 throwing nets (quivered)
Armour
 b - a +0 leather armour (worn)
 c - a +0 helmet (worn)
Scrolls
 e - a scroll of teleportation {unknown}
 g - a scroll of acquirement {unknown}
 h - 2 scrolls of summoning {unknown}
 j - a scroll of fog {unknown}
 k - a scroll of amnesia {unknown}
Potions
 f - a potion of ambrosia {unknown}
 i - a potion of haste {unknown}


   Skills:
 * Level 2.4 Fighting
 + Level 3.7 Long Blades
 + Level 2.0 Throwing
 + Level 0.4 Armour
 + Level 3.3 Dodging
 * Level 1.2 Spellcasting
 * Level 1.0 Hexes


You had 3 spell levels left.
You knew the following spells:

 Your Spells              Type           Power      Damage    Failure   Level
a - Corona                Hex            2%         N/A       28%         1
b - Foxfire               Conj/Fire      0%         2x1d4     38%         1

Your spell library contained the following spells:

 Spells                   Type           Power      Damage    Failure   Level
 Ensorcelled Hibernation  Hex/Ice        2%         N/A       47%         2
 Tukima's Dance           Hex            2%         N/A       65%         3
 Inner Flame              Hex/Fire       1%         N/A       71%         3
 Conjure Flame            Conj/Fire      0%         6-21      77%         3


Dungeon Overview and Level Annotations

Branches:
Dungeon (2/15)

Altars:

Annotations:
D:2 Natasha


Message History

You start resting.
You feel yourself speed up.
You start resting.
Magic restored.
You start resting.
Natasha, Servant of Life and Death comes into view.
Natasha is nearby!
Casting: Foxfire (safe; 38% risk of failure)
Confirm with . or Enter, or press ? or * to list all spells.
You miscast Foxfire.
You are very lightly contaminated with residual magic.
Nothing appears to happen.
Natasha casts a spell.
Unknown command.
Casting: Foxfire (safe; 38% risk of failure)
Confirm with . or Enter, or press ? or * to list all spells.
You miscast Foxfire.
Nothing appears to happen.
Unknown command.
Casting: Foxfire (safe; 38% risk of failure)
Confirm with . or Enter, or press ? or * to list all spells.
You miscast Foxfire.
Nothing appears to happen.
Unknown command.
Casting: Foxfire (safe; 38% risk of failure)
Confirm with . or Enter, or press ? or * to list all spells.
You conjure some foxfire!
The crimson imp barely misses you.
You riposte.
You hit the crimson imp but do no damage.
Unknown command.
You closely miss Natasha.
The foxfire hits the crimson imp but does no damage. x2
The crimson imp hits you. Natasha claws you.
* * * LOW HITPOINT WARNING * * *
The crimson imp hits you but does no damage.
You barely miss Natasha. Natasha claws you.
* * * LOW HITPOINT WARNING * * *
The crimson imp barely misses you.
You closely miss Natasha.
Natasha mumbles some strange words.
The crimson imp blinks!
Natasha misses you.
You closely miss Natasha. Natasha claws you.
You die...

#........†## .#
#.<.####...######.#
..................#
...........#.####.######
........#.##.####.......
#...###.#.##.......#
#...# #.#.######..##
#...# #.#.# #†.######
#.### #.# #@....... #.#
#. #§h###### #.## # #55#
...### .. ...# .....# .#
#.## ...#.##.# ####..
#.##...## #.. ...
#....##.###.# ###
.........#.#


You could see an iron imp (summoned), Natasha and a crimson imp (summoned).

Vanquished Creatures
  Natasha (twice) (D:2)
  An adder (D:2)
  A ball python (D:2)
  A bat (D:1)
  4 endoplasms (D:1)
  A giant cockroach (D:1)
  4 goblins (D:1)
  A hobgoblin (D:1)
  A kobold (D:1)
  A frilled lizard (D:1)
  2 rats (D:1)
19 creatures vanquished.

Vanquished Creatures (others)
  6 foxfires (D:2)
6 creatures vanquished.

Grand Total: 25 creatures vanquished

Notes
Turn   | Place    | Note
-------+----------+-------------------------------------------
     0 | D:1      | horus123 the Human Gladiator began the quest for the Orb.
     0 | D:1      | Reached XP level 1. HP: 16/16 MP: 1/1
   145 | D:1      | Reached XP level 2. HP: 22/22 MP: 2/2
   151 | D:1      | Learned a level 1 spell: Corona
   780 | D:2      | Reached XP level 3. HP: 15/27 MP: 0/3
  1037 | D:2      | Learned a level 1 spell: Foxfire
  1095 | D:2      | Noticed Natasha
  1105 | D:2      | Killed Natasha
  1106 | D:2      | Reached skill level 1 in Spellcasting
  1106 | D:2      | Reached XP level 4. HP: 10/33 MP: 0/5
  1161 | D:2      | Noticed Natasha
  1171 | D:2      | Killed Natasha
  1172 | D:2      | Reached skill level 1 in Hexes
  1189 | D:2      | Noticed Natasha
  1197 | D:2      | Slain by Natasha

Illustrated notes

Levels and vault maps discovered:
D:1:      saegor_arrival_simple_a, layout_loops_cross
D:2:      layout_loops_ring, uniq_natasha

Skill      XL: |  1  2  3  4 |
---------------+-------------+-----
Spellcasting   | 1 |  1.2
Hexes          | 1 |  1.0
Fighting       | |  2.4
Long Blades    | |  3.7
Throwing       | |  2.0
Armour         | |  0.4
Dodging        | |  3.3

Action                   |  1- 3 |  4- 6 || total
-------------------------+-------+-------++-------
Melee: Long sword        |    37 |    11 ||    48
 Cast: Corona            |     9 |       ||     9
       Foxfire           |     1 |     2 ||     3
Armor: Leather armour    |     9 |     5 ||    14
Dodge: Dodged            |    21 |    11 ||    32
       Rpst.: Long sword |     8 |     3 ||    11
